 Dungeon Crawl Stone Soup version 0.30.1-4-g462c640d31 (webtiles) character file.

Game seed: 7068808792191763520

1145 Almogavar the Chiller (level 8, -2/60 HPs)
             Began as a Gnoll Wanderer on Sept 7, 2023.
             Was a Follower of Okawaru.
             Slain by an ogre
             ... wielding a +0 giant club
              (21 damage)
             ... on level 5 of the Dungeon on Sept 8, 2023.
             The game lasted 00:21:35 (5307 turns).

Almogavar the Chiller (Gnoll Wanderer)              Turns: 5307, Time: 00:21:36

Health: -2/60      AC:  7    Str: 11    XL:     8   Next: 37%
Magic:  12/17      EV: 12    Int: 12    God:    Okawaru [*.....]
Gold:   318        SH:  5    Dex: 14    Spells: 13/19 levels left

rFire   . . .        a - +0 falchion
rCold   . . .        (no shield)
rNeg    . . .        o - +0 leather armour
rPois   .            (no helmet)
rElec   .            (no cloak)
rCorr   .            (no gloves)
SInv    .            (no boots)
Will    .....        q - amulet of reflection
Stlth   ++           m - +4 ring of protection
HPRegen 0.30/turn    (no ring)
MPRegen 0.15/turn

%: reflection
@: attractive
A: fangs 1, strong nose, distributed training
a: Renounce Religion, Heroism


You were on level 5 of the Dungeon.
You worshipped Okawaru.
Okawaru was aware of your devotion.
You visited 1 branch of the dungeon, and saw 5 of its levels.
You also visited: Sewer.

You collected 318 gold pieces.

Inventory:

Hand Weapons
 a - a +0 falchion (weapon)
 c - a +0 dagger
 t - a +0 sling
 w - a -3 short sword of holy wrath
Missiles
 b - 16 poisoned darts (quivered)
 k - 2 curare-tipped darts
Armour
 j - a +0 ring mail
 o - a +0 leather armour (worn)
Magical Staves
 h - a staff of earth
Jewellery
 m - a +4 ring of protection (left hand)
 q - an amulet of reflection (around neck)
Scrolls
 d - a scroll of blinking
 e - a scroll of magic mapping
 g - 2 scrolls of teleportation
 i - 3 scrolls of enchant weapon
 p - a scroll of fog {unknown}
 s - 3 scrolls of noise {unknown}
 y - a scroll of fear {unknown}
Potions
 l - a potion of mutation
 n - a potion of haste {unknown}
 r - 2 potions of attraction
 v - a potion of ambrosia {unknown}
 x - a potion of brilliance {unknown}
 z - a potion of magic {unknown}
Miscellaneous
 f - a box of beasts


   Skills:
 + Level 4.3 Fighting
 + Level 3.3 Short Blades
 + Level 4.3 Long Blades
 + Level 3.3 Axes
 + Level 3.3 Maces & Flails
 + Level 3.3 Polearms
 + Level 3.3 Staves
 + Level 3.3 Ranged Weapons
 + Level 4.3 Throwing
 + Level 4.3 Armour
 + Level 3.3 Dodging
 + Level 3.3 Stealth
 + Level 3.3 Shields
 + Level 3.3 Unarmed Combat
 + Level 6.1 Spellcasting
 + Level 2.7 Conjurations
 + Level 2.7 Hexes
 + Level 2.7 Summonings
 + Level 2.7 Necromancy
 + Level 2.7 Translocations
 + Level 2.7 Transmutations
 + Level 2.7 Fire Magic
 + Level 7.7 Ice Magic
 + Level 2.7 Air Magic
 + Level 2.7 Earth Magic
 + Level 2.7 Poison Magic
 + Level 3.7 Invocations
 + Level 3.3 Evocations


You had 13 spell levels left.
You knew the following spells:

 Your Spells              Type           Power      Damage    Failure   Level
a - Freeze                Ice            88%        1d9       1%          1
b - Frozen Ramparts       Ice            44%        1d7       3%          3
c - Ensorcelled Hibernat  Hex/Ice        32%        N/A       4%          2

Your spell library contained the following spells:

 Spells                   Type           Power      Damage    Failure   Level
 Passwall                 Tmut/Erth      8%         N/A       11%         2
 Swiftness                Air            10%        N/A       22%         3
 Ice Form                 Ice/Tmut       16%        N/A       26%         4
 Summon Ice Beast         Ice/Summ       Unusable   N/A       N/A         4

Dungeon Overview and Level Annotations

Branches:
Dungeon (5/15)             Temple (0/1) D:4           Sewer (visited)

Altars:
Nemelex Xobeh
Okawaru
Uskayaw
Xom
Yredelemnul


Innate Abilities, Weirdness & Mutations

You have very sharp teeth.
Your uncanny sense of smell can sniff out nearby items.
Your experience applies equally to all skills.


Message History

The orc is almost dead.
The wall freezes the orc!
You kill the orc!
Okawaru accepts your kill.
The wall freezes the orc but does no damage.
The orc hits you but does no damage.
The orc priest shouts!
You hit the orc.
You kill the orc!
Okawaru accepts your kill.
The wall freezes the orc priest.
The orc priest invokes the aid of Beogh against you.
Beogh smites you!
* * * LOW HITPOINT WARNING * * *
It was a potion of attraction.
You feel attractive to monsters.
The wall freezes the orc priest!
The orc priest is attracted toward you. The ogre is attracted toward you.
It was a potion of curing.
You feel better.
The wall freezes the ogre.
The wall freezes the orc priest. x2; The orc priest is attracted toward you. x2
The adder is attracted toward you.
Unknown command.
The orc priest shouts!
You hit the orc priest.
You kill the orc priest!
Okawaru accepts your kill.
The orc priest looks encouraged for a moment.
The wall freezes the orc priest.
The ogre is attracted toward you. The adder is attracted toward you.
The orc priest is attracted toward you.
You feel better.
The wall freezes the adder.
The wall freezes the ogre.
You block the ogre's attack.
The wall freezes the orc priest.
The orc priest calls down the wrath of Beogh upon you.
Beogh smites you!
* * * LOW HITPOINT WARNING * * *
The wall freezes the orc priest.
The orc priest barely misses you.
Unknown command.
You feel better.
The frozen ramparts melt away.
The orc priest begins to cast a cantrip, but forgets the words!
The ogre hits you with a +0 giant club!!
You die...

.........................
#........<...............
###.......(....§5........
##..#o.........#.........
....#........^5## ..§....
....#....#......##§....#####
##.......###.....So...##...##
.###.......#..###O#..##⌠.>.⌠##
.##............#@o...#.......#
..............).).####.<.⌠.<.#
#..............##...##...÷...#
#....................##⌠...⌠##
##....>.........###.####...##
##..............##### ###†##
###.................###...#
...........##...........###
......###.##...........#####


You could see an ogre, 2 orc priests and an adder.

Vanquished Creatures
  A sky beast (D:4)
  An ogre (D:5)
  5 scorpions
  2 bullfrogs (Sewer)
  An orc priest (D:5)
  2 sleepcaps (D:5)
  4 iguanas (D:5)
  6 gnolls (D:3)
  17 adders
  2 white imps (D:5)
  An ufetubus (D:5)
  A worm (D:2)
  3 dart slugs
  12 orcs
  10 bats
  8 endoplasms
  12 giant cockroaches
  10 goblins
  6 hobgoblins
  2 jackals (D:4)
  5 kobolds
  7 quokkas
  9 ball pythons
  11 frilled lizards
  6 rats
  A spectral orc (D:3)
145 creatures vanquished.

Notes
Turn   | Place    | Note
-------+----------+-------------------------------------------
     0 | D:1      | Almogavar the Gnoll Wanderer began the quest for the Orb.
     0 | D:1      | Almogavar set off with the following items: a +0 falchion,
                  | 10 poisoned darts, a +0 dagger, a scroll of blinking, a +0
                  | robe; and the following spell memorised: Freeze; and the
                  | following spells available to memorise: Frozen Ramparts,
                  | Summon Ice Beast.
     0 | D:1      | Reached XP level 1. HP: 17/17 MP: 6/6
    86 | D:1      | Reached XP level 2. HP: 10/23 MP: 7/7
   566 | D:1      | Reached skill level 5 in Spellcasting
   566 | D:1      | Reached XP level 3. HP: 25/28 MP: 4/9
   855 | D:2      | Reached skill level 1 in Invocations
  1196 | D:2      | Reached skill level 1 in Short Blades
  1196 | D:2      | Reached skill level 1 in Axes
  1196 | D:2      | Reached skill level 1 in Maces & Flails
  1196 | D:2      | Reached skill level 1 in Polearms
  1196 | D:2      | Reached skill level 1 in Staves
  1196 | D:2      | Reached skill level 1 in Ranged Weapons
  1196 | D:2      | Reached skill level 1 in Dodging
  1196 | D:2      | Reached skill level 1 in Stealth
  1196 | D:2      | Reached skill level 1 in Shields
  1196 | D:2      | Reached skill level 1 in Unarmed Combat
  1196 | D:2      | Reached skill level 1 in Evocations
  1490 | D:2      | Reached XP level 4. HP: 32/34 MP: 8/11
  1570 | D:2      | Learned a level 3 spell: Frozen Ramparts
  1688 | D:3      | Reached skill level 1 in Conjurations
  1688 | D:3      | Reached skill level 1 in Hexes
  1688 | D:3      | Reached skill level 1 in Summonings
  1688 | D:3      | Reached skill level 1 in Necromancy
  1688 | D:3      | Reached skill level 1 in Translocations
  1688 | D:3      | Reached skill level 1 in Transmutations
  1688 | D:3      | Reached skill level 1 in Fire Magic
  1688 | D:3      | Reached skill level 1 in Air Magic
  1688 | D:3      | Reached skill level 1 in Earth Magic
  1688 | D:3      | Reached skill level 1 in Poison Magic
  2090 | D:3      | Reached XP level 5. HP: 35/40 MP: 12/12
  2594 | D:3      | Found a basalt altar of Yredelemnul.
  2753 | D:4      | Found a staircase to the Ecumenical Temple.
  2765 | D:4      | Found a glowing drain.
  2822 | Sewer    | Entered a sewer
  2875 | Sewer    | Reached XP level 6. HP: 37/47 MP: 13/13
  3536 | D:4      | Found a faded altar of an unknown god.
  3536 | D:4      | Found a sparkling altar of Nemelex Xobeh.
  3544 | D:4      | Found a faded altar of an unknown god.
  3549 | D:4      | Found a shimmering altar of Xom.
  3551 | D:4      | Found an iron altar of Okawaru.
  3593 | D:4      | Became a worshipper of Warmaster Okawaru
  3678 | D:4      | Noticed a sky beast
  3706 | D:4      | Killed a sky beast
  3707 | D:4      | Reached XP level 7. HP: 18/52 MP: 15/15
  4204 | D:4      | Reached * piety under Okawaru
  4553 | D:5      | Entered Level 5 of the Dungeon
  4780 | D:5      | Reached XP level 8. HP: 50/60 MP: 9/16
  5018 | D:5      | Learned a level 2 spell: Ensorcelled Hibernation
  5193 | D:5      | Found a hide-covered altar of Uskayaw.
  5307 | D:5      | Slain by an ogre

Illustrated notes

Levels and vault maps discovered:
D:1:      eino_arrival_water_star, layout_rooms
D:2:      layout_loops_ring
D:3:      layout_basic, yredelemnul_forgotten_temple_becter, grunt_ministairs_13
D:4:      old_forge, layout_basic, chequers_temple_overflow_minitemple,
          minmay_temple_entry_gardened_gates, gup_sewer_entry_glass,
          minmay_diced_spiral
D:5:      layout_cave_pools, nicolae_uskayaw_suspiria, grunt_ministairs_7,
          minivault_14, kennysheep_opposing_triangles

Skill      XL: |  1  2  3  4  5  6  7  8 |
---------------+-------------------------+-----
Spellcasting   | 5 6 |  6.1
Invocations    | 1 2 3 |  3.7
Short Blades   | 1 2 3 |  3.3
Axes           | 1 2 3 |  3.3
Maces & Flails | 1 2 3 |  3.3
Polearms       | 1 2 3 |  3.3
Staves         | 1 2 3 |  3.3
Ranged Weapons | 1 2 3 |  3.3
Dodging        | 1 2 3 |  3.3
Stealth        | 1 2 3 |  3.3
Shields        | 1 2 3 |  3.3
Unarmed Combat | 1 2 3 |  3.3
Evocations     | 1 2 3 |  3.3
Conjurations   | 1 2 |  2.7
Hexes          | 1 2 |  2.7
Summonings     | 1 2 |  2.7
Necromancy     | 1 2 |  2.7
Translocations | 1 2 |  2.7
Transmutations | 1 2 |  2.7
Fire Magic     | 1 2 |  2.7
Air Magic      | 1 2 |  2.7
Earth Magic    | 1 2 |  2.7
Poison Magic   | 1 2 |  2.7
Fighting       | 3 4 |  4.3
Long Blades    | 3 4 |  4.3
Throwing       | 3 4 |  4.3
Armour         | 3 4 |  4.3
Ice Magic      | |  7.7

Action                     |  1- 3 |  4- 6 |  7- 9 || total
---------------------------+-------+-------+-------++-------
  Melee: Falchion          |    86 |   199 |    90 ||   375
         Bite              |     4 |    18 |    12 ||    34
         Punch             |     1 |     3 |     1 ||     5
         Short sword       |       |       |    22 ||    22
   Fire: Sling             |       |    87 |     3 ||    90
  Throw: Dart              |       |     2 |       ||     2
   Cast: Freeze            |    24 |    11 |    38 ||    73
         Frozen Ramparts   |       |     4 |     7 ||    11
    Use: Scroll            |     6 |     2 |       ||     8
         Potion            |       |     1 |     4 ||     5
   Stab: Sleeping          |     2 |     3 |     3 ||     8
         Held in net/web   |       |       |     1 ||     1
 Armour: Robe              |    20 |       |       ||    20
         Leather armour    |     8 |   110 |    54 ||   172
  Dodge: Dodged            |    55 |   167 |    63 ||   285
  Block: Other             |       |    81 |    30 ||   111
         Reflection        |       |     3 |     1 ||     4
